 Dungeon Crawl Stone Soup version 0.13.0-3-g966e3ec (webtiles) character file.

6638 MDvedh the Cleaver (level 10, -1/118 HPs)
             Began as a Minotaur Berserker on Oct 13, 2013.
             Was a High Priest of Trog.
             Slain by an orc knight
             ... wielding a +1,+1 orcish war axe
              (20 damage)
             ... on Level 10 of the Dungeon.
             The game lasted 00:29:14 (9603 turns).

MDvedh the Cleaver (Minotaur Berserker)             Turns: 9603, Time: 00:29:15

HP  -1/118       AC 20     Str 29      XL: 10   Next: 64%
MP   2/2         EV  7     Int  4      God: Trog [*****.]
Gold 298         SH  0     Dex 11      Spells:  0 memorised,  9 levels left

Res.Fire  : + . .   See Invis. : +   x - +0,+3 orc war axe
Res.Cold  : . . .   Warding    : .   c - +0 dwarf plate armour
Life Prot.: . . .   Conserve   : .   (no shield)
Res.Poison: .       Res.Corr.  : .   (helmet restricted)
Res.Elec. : .       Clarity    : .   J - +0 cloak
Sust.Abil.: . .     Spirit.Shd : .   (no gloves)
Res.Mut.  : .       Stasis     : .   H - -1 pair of boots
Res.Rott. : .       Flight     : .   (no amulet)
Saprovore : . . .                    (no ring)
                                     m - ring of protection from fire

@: berserking, very quick, somewhat resistant to hostile enchantments, extremely
unstealthy
A: retaliatory headbutt, horns 2, see invisible, -10% mp, wild magic 3, AC +2
a: Burn Spellbooks, Berserk, Trog's Hand, Brothers in Arms, Renounce Religion


You were on level 10 of the Dungeon.
You worshipped Trog.
Trog was extremely pleased with you.
You were not hungry.

You visited 1 branch of the dungeon, and saw 10 of its levels.

You collected 427 gold pieces.
You spent 149 gold pieces at shops.

Inventory:

Hand weapons
 a - a +0,-4 hand axe {=f}
 x - a +0,+3 orcish war axe (weapon)
 K - the +6,+7 trident of Crouw {antimagic, rElec Str+4 SInv}
   (You found it on level 8 of the Dungeon)

   It disrupts the flow of magical energy around spellcasters and certain
   magical creatures (including the wielder).
   It affects your strength (+4).
   It insulates you from electricity.
   It enhances your eyesight.
Armour
 c - a +0 dwarven plate armour (worn)
 t - a +2 scale mail of cold resistance
 H - a -1 pair of boots (worn)
 J - a +0 cloak (worn)
Magical devices
 n - a wand of frost (15) {unknown}
 s - a wand of magic darts (10)
 I - a wand of magic darts (15)
Comestibles
 C - 4 meat rations
Scrolls
 d - a scroll of amnesia {unknown}
 f - 2 scrolls of blinking
 g - a scroll of curse weapon {unknown}
 k - 2 scrolls of enchant weapon I
 p - a scroll of recharging {unknown}
 q - 2 scrolls of teleportation
 r - a scroll of enchant weapon II
 y - 3 scrolls of remove curse
 A - a scroll of fear
 B - a scroll of enchant armour {unknown}
Jewellery
 e - an uncursed ring of wizardry
 m - a ring of protection from fire (left hand)
 v - an uncursed ring of fire
Potions
 b - a potion of invisibility
 h - 2 potions of decay
 i - 2 potions of restore abilities
 o - a potion of curing
 u - a potion of poison
 w - a potion of resistance
 z - 2 potions of magic
 D - a potion of might
 E - a potion of cure mutation
 F - a potion of heal wounds
 G - 2 potions of speed
Books
 j - a book of Wizardry

   Spells                             Type                      Level
   Summon Elemental                   Summoning                    4
   Agony                              Necromancy                   5
   Force Lance                        Conjuration                  5
   Fireball                           Conjuration/Fire             5
   Haste                              Charms                       6
   Invisibility                       Hexes                        6
   Trog disapproves of the use of such an item.


   Skills:
 - Level 3.6 Fighting
 + Level 14.8 Axes
 - Level 12.0 Armour
 - Level 2.1 Dodging


You had 9 spell levels left.
You didn't know any spells.

Dungeon Overview and Level Annotations

Branches:
Dungeon (10/27)            Temple (0/1) D:7             Orc (0/4) D:9
   Lair: D:8-13

Altars:
Okawaru
Sif Muna
Yredelemnul
the Shining One

Shops:
D:7 !


Innate Abilities, Weirdness & Mutations

You reflexively headbutt those who attack you in melee.
You have a pair of horns on your head.
You are partially covered in thin metallic scales (AC +2).
You have supernaturally acute eyesight.
Your magical capacity is low (-10% MP).
Your spells are much harder to cast, but much more powerful.


Message History

Trog accepts your kill.
You hit the orc knight but do no damage.
You closely miss the orc knight.
The orc knight is lightly wounded.
You slash the orc knight! Your headbutt misses the orc knight.
The orc knight is moderately wounded.
The orc knight hits you but does no damage.
Unknown command.
You closely miss the orc knight.
The orc knight is moderately wounded.
You closely miss the orc knight.
The orc knight is lightly wounded.
Unknown command.
Your plate armour prevents you from hitting the orc knight.
Your headbutt misses the orc knight.
The orc knight is moderately wounded.
You closely miss the orc knight.
The orc knight is lightly wounded.
The orc knight hits you with an uncursed orcish war axe!
You die...

#≈≈≈≈≈≈≈≈≈≈≈≈≈≈≈≈≈≈≈
.≈≈#####≈≈≈≈≈≈≈≈≈≈B≈
.≈≈#.o.#............
.≈≈#...#################### ##
.≈≈###'# .. #...##...# #. .≈≈≈.#.
.?.########....########. .≈≈≈.#
..........#....#........ .≈≈≈.#
#...$o....≈≈..)......# #≈≈≈.#
#...o@)((.≈)........)# .≈≈≈.#
#.......#....#.....)[# #≈≈≈.#
#'##################)# #≈≈≈.# #
+..).'.....)^# #≈≈≈.#
#..).#......)# .≈≈###+#
#....#.....^.#
.≈≈#...#############''''#########
.≈≈#.oo#.........................
.≈≈#####≈≈≈≈≈≈≈≈≈≈≈≈....≈≈≈≈≈≈≈≈≈


You could see 2 orc knights.

Vanquished Creatures
  An ice statue (D:8)
  An ice devil (D:10)
  An orc sorcerer (D:10)
  A wraith (D:10)
  Eustachio (D:9)
  A manticore (D:8)
  2 ogres
  2 ice beasts (D:8)
  2 dwarves (D:7)
  3 phantoms
  A black bear (D:6)
  9 orc warriors
  A sky beast (D:7)
  2 centaurs
  A rotting devil (D:10)
  12 wargs (D:10)
  Sigmund (D:2)
  Blork the orc (D:4)
  2 giant frogs (D:8)
  An eye of draining (D:9)
  5 wights (D:7)
  3 killer bees (D:9)
  5 crimson imps
  A giant frog skeleton (D:9)
  3 jellies
  8 orc wizards
  Crazy Yiuf (D:6)
  6 iguanas
  2 orc priests
  An iron imp (D:9)
  5 scorpions
  4 hounds
  10 worker ants
  Ijyb (D:6)
  A hound zombie (D:9)
  Terence (D:2)
  2 worker ant zombies
  10 gnolls
  13 adders
  A giant mite (D:5)
  2 white imps (D:9)
  An inept feature mimic (D:2)
  4 worms
  An ufetubus (D:9)
  An adder skeleton (D:4)
  A giant eyeball (D:10)
  5 giant geckos
  An ooze (D:6)
  44 orcs
  A ball python (D:2)
  5 giant cockroaches
  10 goblins
  7 hobgoblins
  8 jackals
  5 quokkas
  8 bats
  A giant gecko skeleton (D:4)
  3 giant newts
  14 kobolds
  5 orc zombies (D:10)
  14 rats
270 creatures vanquished.

Vanquished Creatures (others)
  An orc (D:10)
1 creature vanquished.

Grand Total: 271 creatures vanquished

Notes
Turn   | Place    | Note
--------------------------------------------------------------
     0 | D:1      | MDvedh, the Minotaur Berserker, began the quest for the Orb.
     0 | D:1      | Reached XP level 1. HP: 19/19 MP: 0/0
    51 | D:1      | Reached skill level 4 in Axes
   140 | D:1      | Reached XP level 2. HP: 24/26 MP: 0/0
   243 | D:1      | Acquired Trog's second power
   375 | D:1      | Reached skill level 5 in Axes
   712 | D:2      | Reached XP level 3. HP: 33/33 MP: 1/1
   752 | D:2      | Found a basalt altar of Yredelemnul.
   761 | D:2      | Noticed Sigmund
   771 | D:2      | Killed Sigmund
   771 | D:2      | Reached skill level 6 in Axes
   771 | D:2      | Reached XP level 4. HP: 29/39 MP: 1/1
  1259 | D:2      | Noticed Terence
  1265 | D:2      | Killed Terence
  1265 | D:2      | Reached XP level 5. HP: 46/46 MP: 1/1
  1464 | D:3      | Reached skill level 7 in Axes
  2123 | D:3      | Reached skill level 8 in Axes
  2135 | D:3      | Reached XP level 6. HP: 18/52 MP: 2/2
  2540 | D:4      | Reached skill level 9 in Axes
  3141 | D:4      | Noticed Blork the orc
  3155 | D:4      | Found a deep blue altar of Sif Muna.
  3158 | D:4      | Killed Blork the orc
  3158 | D:4      | Reached XP level 7. HP: 35/59 MP: 2/2
  3344 | D:5      | Entered Level 5 of the Dungeon
  3447 | D:5      | Reached skill level 10 in Axes
  3848 | D:5      | Acquired Trog's third power
  4030 | D:5      | Reached skill level 11 in Axes
  4472 | D:6      | Noticed Crazy Yiuf
  4478 | D:6      | Killed Crazy Yiuf
  4478 | D:6      | Reached XP level 8. HP: 66/66 MP: 2/2
  4673 | D:6      | Reached skill level 12 in Axes
  5076 | D:6      | Noticed Ijyb
  5092 | D:6      | Killed Ijyb
  5237 | D:6      | Reached skill level 5 in Armour
  5294 | D:6      | Gained mutation: Your magical capacity is low (-10% MP). [potion of mutation]
  5294 | D:6      | Gained mutation: Your spells are a little harder to cast, but a little more powerful. [potion of mutation]
  5294 | D:6      | Gained mutation: Your magical capacity is very low (-20% MP). [potion of mutation]
  5295 | D:6      | Gained mutation: Your spells are harder to cast, but more powerful. [potion of mutation]
  5295 | D:6      | Gained mutation: You are partially covered in thin metallic scales (AC +2). [potion of mutation]
  5820 | D:7      | Found a staircase to the Ecumenical Temple.
  5846 | D:7      | Gained mutation: Your spells are much harder to cast, but much more powerful. [potion of mutation]
  5846 | D:7      | Lost mutation: Your magical capacity is very low (-20% MP). [potion of mutation]
  5846 | D:7      | Gained mutation: You have supernaturally acute eyesight. [potion of mutation]
  5895 | D:7      | Found an iron altar of Okawaru.
  6121 | D:7      | Found Weac's Distillery.
  6136 | D:7      | Reached XP level 9. HP: 31/72 MP: 2/2
  6144 | D:7      | Bought a potion of curing for 26 gold pieces
  6144 | D:7      | Bought a potion of resistance for 91 gold pieces
  6144 | D:7      | Bought a potion of might for 32 gold pieces
  6904 | D:8      | Reached skill level 10 in Armour
  6954 | D:8      | Noticed an ice statue
  7004 | D:8      | Killed an ice statue
  7057 | D:8      | Got a faintly glowing trident
  7066 | D:8      | Identified the trident of Crouw {antimagic, rElec Str+4 SInv} (You found it on level 8 of the Dungeon)
  7223 | D:8      | Found a glowing golden altar of the Shining One.
  7774 | D:9      | Noticed Eustachio
  7794 | D:9      | Killed Eustachio
  7794 | D:9      | Reached XP level 10. HP: 65/79 MP: 2/2
  8287 | D:9      | Found a staircase to the Orcish Mines.
  8314 | D:10     | Entered Level 10 of the Dungeon
  8333 | D:10     | Reached skill level 13 in Axes
  8379 | D:10     | Paralysed by a giant eyeball for 2 turns
  8385 | D:10     | Paralysed by a giant eyeball for 2 turns
  8950 | D:10     | Received a gift from Trog
  9336 | D:10     | Reached skill level 14 in Axes
  9347 | D:10     | Noticed an orc sorcerer
  9371 | D:10     | Noticed an ice devil
  9375 | D:10     | Killed an orc sorcerer
  9378 | D:10     | Killed an ice devil
  9584 | D:10     | Noticed an orc knight
  9590 | D:10     | Noticed an orc knight
  9603 | D:10     | Slain by an orc knight

Action                   |  1- 3 |  4- 6 |  7- 9 | 10-12 || total
-------------------------+-------+-------+-------+-------++-------
Melee: Hand axe          |    53 |    99 |    12 |       ||   164
       War axe           |       |    50 |   350 |   170 ||   570
Invok: Berserk           |     1 |     2 |     6 |     2 ||    11
       Burn Spellbooks   |       |     1 |     1 |       ||     2
  Use: Scroll            |       |    12 |    12 |     1 ||    25
       Potion            |       |     1 |     5 |       ||     6
